 Dungeon Crawl Stone Soup version 0.29.1-1-gd02db6906a (webtiles) character file.

Game seed: 3920035297108211967

541 Doomgape the Insei (level 7, -1/43 HPs)
             Began as an Octopode Transmuter on Sept 17, 2022.
             Splashed by a jelly's acid (9 damage)
             ... on level 5 of the Dungeon.
             The game lasted 00:09:04 (4874 turns).

Doomgape the Insei (Octopode Transmuter)            Turns: 4874, Time: 00:09:05

Health: -1/43      AC: -3    Str: 11    XL:     7   Next: 26%
Magic:  13/13      EV: 12    Int: 15    God:
Gold:   145        SH:  3    Dex: 13    Spells: 13/14 levels left

rFire   . . .      SeeInvis +     - Unarmed
rCold   . . .      Faith    .   l - +0 buckler
rNeg    . . .      Spirit   .   (helmet currently unavailable)
rPois   .          Reflect  .   (no amulet)
rElec   .          Harm     .   i - ring of see invisible
rCorr   .          Rampage  .   (no ring)
Will    .....                   (no ring)
Stlth   ++........              (no ring)
HPRegen 0.14/turn               (no ring)
MPRegen 0.13/turn               (no ring)
                                (no ring)
                                (no ring)

@: lethally poisoned (-1 -> -4), appendages (expiring), corroded
A: tentacle spike 3, almost no armour, amphibious, 8 rings, camouflage 1,
gelatinous body 1, (nimble swimmer 1), tentacles
a: End Transformation


You were on level 5 of the Dungeon.
One of your tentacles had grown a beastly spike.
You visited 1 branch of the dungeon, and saw 5 of its levels.

You collected 217 gold pieces.
You spent 72 gold pieces at shops.

Inventory:

Missiles
 d - a throwing net
Armour
 l - a +0 buckler (worn)
Magical Staves
 g - a staff of death
Jewellery
 i - a ring of see invisible (left tentacle)
Wands
 c - a wand of roots (8)
 q - a wand of polymorph (11)
Scrolls
 b - a scroll of identify
 j - 2 scrolls of silence
 m - a scroll of teleportation {unknown}
 p - 3 scrolls of fear
 r - a scroll of blinking {unknown}
Potions
 a - a potion of lignification
 e - 2 potions of berserk rage {unknown}
 f - a potion of invisibility {unknown}
 h - 2 potions of might
 k - 3 potions of mutation {unknown}
 n - a potion of haste {unknown}
 o - a potion of degeneration {unknown}


   Skills:
 - Level 1.0 Fighting
 - Level 2.0 Dodging
 - Level 5.0 Unarmed Combat
 + Level 4.4 Spellcasting
 + Level 4.8 Transmutations


You had 13 spell levels left.
You knew the following spells:

 Your Spells              Type           Power      Damage    Failure   Level
a - Beastly Appendage     Tmut           34%        N/A       3%          1

Your spell library contained the following spells:

 Spells                   Type           Power      Damage    Failure   Level
 Wereblood                Tmut           17%        N/A       4%          2
 Spider Form              Tmut/Pois      10%        N/A       26%         3
 Ice Form                 Ice/Tmut       10%        N/A       65%         4


Dungeon Overview and Level Annotations

Branches:
Dungeon (5/15)             Temple (0/1) D:4

Altars:
Qazlal

Shops:
D:4 *


Innate Abilities, Weirdness & Mutations

One of your tentacles has grown a beastly spike.
You cannot wear most types of armour.
You are amphibious.
You can wear up to eight rings at the same time.
Your skin changes colour to match your surroundings (Stealth+).
Your rubbery body absorbs attacks. (AC +1, EV +1)
((You are camouflaged when in or above water. (Stealth+)))
You have tentacles for arms and can constrict up to eight enemies at once.


Message History

You tentacle-slap the hound.
Your tentacle spike misses the hound.
You tentacle-slap the hound. You squeeze the hound.
You kill the hound!
Your transformation is almost over.
You closely miss the adder. Your grab misses the adder.
You pierce the adder, but do no damage.
Your squeeze misses the adder. The adder barely misses you.
You tentacle-slap the adder. Your grab misses the adder.
Your tentacle spike misses the adder.
The adder is lightly wounded.
The adder bites you.
You are poisoned.
The adder poisons you!
You tentacle-slap the adder. Your grab misses the adder.
You pierce the adder.
The adder is heavily wounded.
You feel sick. The adder bites you.
You are more poisoned.
The adder poisons you! The adder closely misses you.
You tentacle-slap the adder. You grab the adder.
The adder is almost dead.
You constrict the adder.
You kill the adder!
You feel sick. The jelly hits you but does no damage.
You tentacle-slap the jelly.
Your tentacles burn!
You pierce the jelly.
The jelly is heavily wounded.
You feel sick. The jelly hits you. The acid corrodes you!
You are splashed with acid!
You tentacle-slap the jelly but do no damage.
Your tentacles burn!
* * * LOW HITPOINT WARNING * * *
You squeeze the jelly.
The jelly is almost dead.
You feel sick. The jelly barely misses you.
You barely miss the jelly.
You squeeze the jelly, but do no damage.
The jelly is almost dead.
You feel sick. The jelly hits you.
* * * LOW HITPOINT WARNING * * *
You are splashed with acid!
You die...

#. #.# .....# #
###.#..# #.#.#.#..#
#.#...#..# ..
#.#......#....
#....J........
#.....@#.#...
.?.#...).......
############.#.........
#.................#####
###.######.######....
#.# #.# ..... #.# #.#
###.. #.######.# ..
#<........


You could see a jelly.

Vanquished Creatures
  3 ogres
  A hound (D:5)
  5 iguanas
  3 adders
  3 worms
  2 dart slugs
  An orc (D:4)
  4 ball pythons
  4 endoplasms
  3 giant cockroaches
  8 goblins
  10 hobgoblins
  4 jackals (D:1)
  10 kobolds
  6 quokkas
  9 bats
  6 frilled lizards
  5 rats
87 creatures vanquished.

Notes
Turn   | Place    | Note
-------+----------+-------------------------------------------
     0 | D:1      | Doomgape the Octopode Transmuter began the quest for the
                  | Orb.
     0 | D:1      | Reached XP level 1. HP: 13/13 MP: 3/3
    15 | D:1      | Found a faded altar of an unknown god.
   258 | D:1      | Reached XP level 2. HP: 10/18 MP: 1/5
   912 | D:1      | Reached skill level 4 in Unarmed Combat
   952 | D:1      | Reached XP level 3. HP: 23/23 MP: 6/6
  2035 | D:2      | Reached XP level 4. HP: 28/28 MP: 7/7
  2384 | D:2      | Reached skill level 5 in Unarmed Combat
  3513 | D:4      | Noticed an ogre
  3519 | D:4      | Reached XP level 5. HP: 32/33 MP: 6/8
  3681 | D:4      | Killed an ogre
  3727 | D:4      | Found Cynucwir's Assorted Antiques.
  3742 | D:4      | Bought a glowing bronze wand for 72 gold pieces
  3761 | D:4      | Noticed an ogre
  3773 | D:4      | Killed an ogre
  3774 | D:4      | Reached XP level 6. HP: 38/38 MP: 9/11
  4432 | D:4      | Found a staircase to the Ecumenical Temple.
  4607 | D:4      | Found a stormy altar of Qazlal.
  4829 | D:5      | Entered Level 5 of the Dungeon
  4863 | D:5      | Reached XP level 7. HP: 43/43 MP: 13/13
  4874 | D:5      | Splashed by a jelly's acid

Illustrated notes

Levels and vault maps discovered:
D:1:      minmay_arrival_checkered_box, layout_rooms,
          ebering_ecumenical_altar_mist, hangedman_decor_opposing,
          patterned_corridor
D:2:      layout_basic, minmay_liquid_box, minmay_puff
D:3:      layout_basic
D:4:      layout_gridville, general_overflow_altar, minmay_temple_entry_hall,
          serial_shops, nicolae_shop_window_shopping
D:5:      layout_basic

Skill      XL: |  1  2  3  4  5  6 |
---------------+-------------------+-----
Unarmed Combat | 4 5 |  5.0
Spellcasting   | 3 4 |  4.4
Transmutations | 3 4 |  4.8
Fighting       | |  1.0
Dodging        | |  2.0

Action                   |  1- 3 |  4- 6 |  7- 9 || total
-------------------------+-------+-------+-------++-------
Melee: Unarmed           |    77 |    83 |     9 ||   169
       Kick              |    17 |    30 |     4 ||    51
       Constrict         |    15 |    23 |     2 ||    40
       Tentacles         |    10 |    23 |     3 ||    36
       Punch             |       |     2 |     1 ||     3
 Cast: Beastly Appendage |    25 |    29 |       ||    54
  Use: Scroll            |     7 |     3 |       ||    10
       Potion            |       |     1 |       ||     1
 Stab: Sleeping          |     6 |     5 |       ||    11
Armor: Skin              |    17 |     3 |     1 ||    21
Dodge: Dodged            |    48 |    32 |     4 ||    84
Block: Buckler           |       |     8 |       ||     8
